 Dungeon Crawl Stone Soup version 0.30-a0-956-gcec3b41aec (webtiles) character file.

Game seed: 14119745831013024253

0 qeuew the Trooper (level 1, -2/18 HPs)
             Began as a Demonspawn Chaos Knight on Mar 29, 2023.
             Was a Plaything of Xom.
             Frozen to death by an endoplasm (5 damage)
             ... on level 1 of the Dungeon.
             The game lasted 00:00:11 (15 turns).

qeuew the Trooper (Demonspawn Chaos Knight)           Turns: 15, Time: 00:00:12

Health: -2/18      AC:  5    Str: 12    XL:     1   Next: 8%
Magic:  1/1        EV: 11    Int: 13    God:    Xom [..*...]
Gold:   0          SH:  0    Dex: 12    Spells: 0/0 levels left

rFire   . . .      SeeInvis .    a - +0 hand axe (chaos)
rCold   . . .      Faith    .    (no shield)
rNeg    . . .      Spirit   .    b - +2 leather armour
rPois   .          Reflect  .    (no helmet)
rElec   .          Rampage  .    (no cloak)
rCorr   .                        (no gloves)
Will    .....                    (no boots)
Stlth   +                        (no amulet)
HPRegen 0.23/turn                (no ring)
MPRegen 0.07/turn                (no ring)

@: no status effects
A: no striking features
a: Renounce Religion


You were on level 1 of the Dungeon.
You worshipped Xom.
You were a toy of Xom.
You visited 1 branch of the dungeon, and saw 1 of its levels.

Inventory:

Hand Weapons
 a - a +0 hand axe of chaos (weapon)
Armour
 b - a +2 leather armour (worn)
Miscellaneous
 c - a piece from Xom's chessboard (15/15) (quivered)


   Skills:
 + Level 3.0 Fighting
 + Level 2.7 Axes
 + Level 1.7 Armour
 + Level 0.8 Dodging
 + Level 0.0 Evocations


You couldn't memorise any spells.
You didn't know any spells.
Your spell library was empty.

Dungeon Overview and Level Annotations

Branches:
Dungeon (1/15)

Altars:


Message History

The kobold hits you with a +0 club.
There are monsters nearby!
You are too injured to fight recklessly!
There are monsters nearby!
You are too injured to fight recklessly!
There are monsters nearby!
You are too injured to fight recklessly!
There are monsters nearby!
You are too injured to fight recklessly!
There are monsters nearby!
You are too injured to fight recklessly!
You barely miss the kobold. You hit the endoplasm.
The endoplasm suddenly seems more resistant.
Xom is highly amused!
You barely miss the kobold. The endoplasm freezes you.
You are frozen.
* * * LOW HITPOINT WARNING * * *
The kobold hits you but does no damage. x2
You closely miss the kobold. You hit the endoplasm but do no damage.
You barely miss the kobold.
The endoplasm hits you but does no damage.
The kobold hits you with a +0 club.
* * * LOW HITPOINT WARNING * * *
The kobold barely misses you.
Unknown command.
You hit the kobold. You freeze the kobold.
You kill the kobold!
You barely miss the kobold. You hit the endoplasm but do no damage.
The kobold barely misses you. The endoplasm closely misses you.
Unknown command.
You hit the endoplasm.
The endoplasm is almost dead.
You closely miss the kobold.
The endoplasm hits you but does no damage.
The kobold misses you. The kobold hits you with a +0 club.
* * * LOW HITPOINT WARNING * * *
The endoplasm freezes you.
You are frozen.
You die...

......
..... ....
... ##..
#...
#..J###
#..)@.###
#..K#...##
#...##...#
#... #P.P#
.....
#P.P#
......
#P.P#
.......
#P.P#
####...
#P.P#
#P.P#


You could see an endoplasm (resistant) and a kobold.

Vanquished Creatures
  A kobold (D:1)
1 creature vanquished.

Notes
Turn   | Place    | Note
-------+----------+-------------------------------------------
     0 | D:1      | qeuew the Demonspawn Chaos Knight began the quest for the
                  | Orb.
     0 | D:1      | Reached XP level 1. HP: 18/18 MP: 1/1
     4 | D:1      | XOM: silly message
    15 | D:1      | Frozen to death by an endoplasm

Illustrated notes

Levels and vault maps discovered:
D:1:      eino_arrival_tree_alley, layout_loops_cross,
          dreamdust_ecumenical_altar_drowned_temple

Action                     || total
---------------------------++-------
  Melee: Hand axe          ||     5
 Armour: Leather armour    ||     4
  Dodge: Dodged            ||     5

Table legend: (Time is in decaauts)
 A = Elapsed time spent in this place.
 B = Non-inter-level travel time spent in this place.
 C = Inter-level travel time spent in this place.
 D = Time resting spent in this place.
 E = Time spent auto-exploring this place.
 F = Levels seen in this place.
 G = Mean time per level.
                   A        B        C        D        E       F      G
               +--------+--------+--------+--------+--------+-----+--------+
         Total |     15 |     15 |      0 |      0 |      7 |   1 |   15.0 |
       Dungeon |     15 |     15 |      0 |      0 |      7 |   1 |   15.0 |
               +--------+--------+--------+--------+--------+-----+--------+

Top non-repeatable levels by time:
     D:1: 15 daAuts
